AoeStats
← Axolot

Arena

505299907Analyzed
2v2 RM · 23d ago on Sep 8, 2026· 34m 19s· 4 players
Game mode
Random Map
Map size
Medium (4 player)
Population
200
Speed
Normal
Resources
Standard
Victory
Conquest
Starting age
Dark Age
Ending age
Imperial Age
RankedLock teamsTeams togetherTeam positionsShared explorationLock speedFull tech treeHidden civsTurbo modeCheats
Victory
Defeat
🇦🇷 Magyars · Argentina
1482
+17
🇦🇷 Tatars · Argentina
1455
+18
🇧🇪 Maya · Belgium
1508
-18
🇧🇪 Goths · Belgium
1491
-17
Dino_Mate
10:56 Feudal Age
10:45 Loom
16:32 Castle Age
15:24 Double-Bit Axe
17:52 Bow Saw
20:36 Horse Collar
22:41 Wheelbarrow
27:13 Imperial Age
26:32 Corvinian Army
27:09 Scale Barding Armor
28:37 Chain Barding Armor
29:20 Bloodlines
30:27 Plate Barding Armor
30:36 Husbandry
30:14 Light Cavalry
Axolot
8:58 Feudal Age
9:06 Loom
10:59 Fletching
10:55 Double-Bit Axe
14:19 Horse Collar
23:03 Castle Age
22:37 Stone Mining
24:02 Bow Saw
23:52 Heavy Plow
30:32 Scale Barding Armor
31:44 Forging
31:41 Gold Mining
33:02 Chain Barding Armor
33:03 Bloodlines
Kiprotiche
11:33 Feudal Age
10:03 Loom
12:09 Feudal Age
16:08 Castle Age
15:46 Fletching
19:38 Stone Mining
28:14 Double-Bit Axe
28:44 Horse Collar
BlockedByJames (road2MembK)
0:30 Loom
8:52 Feudal Age
9:25 Double-Bit Axe
10:58 Horse Collar
14:45 Wheelbarrow
16:35 Town Watch
19:14 Castle Age
18:56 Fletching
25:38 Imperial Age
25:19 Bodkin Arrow
27:34 Bow Saw
29:05 Bracer
31:26 Ballistics
32:58 Chemistry
33:05 Padded Archer Armor
Connection lost

Rejoining the realm…

Still unreachable

The connection could not be restored.

Session expired

The server has moved on; the page needs a fresh start.